 Dungeon Crawl Stone Soup version 0.18.1-48-g4cf74bf (webtiles) character file.

110 sambo the Sneak (level 4, 0/27 HPs)
             Began as an Octopode Wizard on Aug 5, 2016.
             Slain by adibis's ghost (1 damage)
             ... on level 3 of the Dungeon.
             The game lasted 00:52:50 (3875 turns).

sambo the Sneak (Octopode Wizard)                   Turns: 3875, Time: 00:52:50

Health: 0/27       AC:  1    Str:  6    XL:     4   Next: 91%
Magic:  9/9        EV: 13    Int: 25    God:
Gold:   91         SH:  0    Dex: 11    Spells: 4 memorised, 2 levels left

rFire  . . .     SeeInvis .     d - -2 mace
rCold  + . .     Gourm    .     (no shield)
rNeg   . . .     Faith    .     a - +0 hat
rPois  .         Spirit   .     (no amulet)
rElec  .         Dismiss  .     i - ring of protection from cold
rCorr  .         Reflect  .     (no ring)
SustAt .         Harm     .     (no ring)
MR     .....                    (no ring)
Stlth  ++++......               (no ring)
                                (no ring)
                                (no ring)
                                (no ring)

@: brilliant, not resistant to hostile enchantments, stealthy
A: almost no armour, amphibious, 8 rings, constrict 8, camouflage 1, gelatinous
body 1
a: no special abilities


You were on level 3 of the Dungeon.
You were not hungry.

You visited 1 branch of the dungeon, and saw 3 of its levels.

You collected 91 gold pieces.

Inventory:

Hand Weapons
 d - a -2 mace (weapon)
Armour
 a - a +0 hat (worn)
Jewellery
 i - a ring of protection from cold (left tentacle)
Scrolls
 c - a scroll of remove curse
 f - 4 scrolls of identify
Books
 b - a book of Minor Magic

   Spells                             Type                      Level
   a - Magic Dart                     Conjuration                  1
   b - Blink                          Translocation                2
   c - Call Imp                       Summoning                    2
   d - Repel Missiles                 Charms/Air                   2
   e - Slow                           Hexes                        2
   f - Conjure Flame                  Conjuration/Fire             3
   g - Mephitic Cloud                 Conjuration/Poison/Air       3


   Skills:
 + Level 0.2 Fighting
 + Level 0.8 Maces & Flails
 + Level 3.4 Dodging
 + Level 3.7 Stealth
 + Level 3.5 Spellcasting
 + Level 1.6 Conjurations
   Level 1.0 Summonings
 + Level 1.0 Translocations


You had 2 spell levels left.
You knew the following spells:

 Your Spells              Type           Power        Failure   Level  Hunger
a - Magic Dart            Conj           ####         1%          1    None
b - Blink                 Tloc           N/A          1%          2    #......
c - Slow                  Hex            ###.....     2%          2    #......
d - Conjure Flame         Conj/Fire      ###.....     2%          3    ###....


Dungeon Overview and Level Annotations

Branches:
Dungeon (3/15)

Altars:
Sif Muna

Annotations:
D:3 adibis's ghost, amateur MfIE


Innate Abilities, Weirdness & Mutations

You cannot wear most types of armour.
You are amphibious.
You can wear up to eight rings at the same time.
You can use your tentacles to constrict eight enemies at once.
Your skin changes colour to match your surroundings (Stealth).
Your rubbery body absorbs attacks (AC +1).


Message History

You closely miss the goblin. You grab the goblin.
You constrict the goblin, but do no damage.
Adibis's ghost closely misses you. The goblin misses you.
You hit the goblin.
The goblin is moderately wounded.
You constrict the goblin. Adibis's ghost barely misses you.
The goblin misses you. Adibis's ghost hits you.
* * * LOW HITPOINT WARNING * * *
The goblin closely misses you.
You hit the goblin but do no damage.
The goblin is heavily wounded.
You constrict the goblin.
Adibis's ghost points at you and mumbles some strange words.
You are frozen.
* * * LOW HITPOINT WARNING * * *
The goblin closely misses you.
You hit the goblin.
You kill the goblin!
Adibis's ghost hits you.
You die...

#...##8...8...8
###.##.........
#.#_.........
####.........
##8...8...8 ###
##8###8## . ##.###
########
....######....###.......
.......@W.......'.......
...#######...#.##.......
##....###...... ###.##
##..... #.# ##...# #.#
##'## #.# #.# #.# #.#
#.# ##.##


You could see adibis's ghost.

Vanquished Creatures
  3 adders
  An ooze (D:2)
  A worm (D:2)
  6 dart slugs
  2 giant geckos
  5 giant cockroaches
  11 goblins
  7 hobgoblins
  4 kobolds (D:1)
  4 quokkas
  9 bats
  2 giant newts (D:2)
  5 rats
60 creatures vanquished.

Notes
Turn   | Place    | Note
--------------------------------------------------------------
     0 | D:1      | sambo the Octopode Wizard began the quest for the Orb.
     0 | D:1      | Reached XP level 1. HP: 11/11 MP: 4/4
   379 | D:1      | Reached XP level 2. HP: 17/17 MP: 6/6
   397 | D:1      | Learned a level 2 spell: Blink
   436 | D:1      | Learned a level 2 spell: Slow
   726 | D:1      | Reached XP level 3. HP: 21/21 MP: 7/7
  1104 | D:1      | Learned a level 3 spell: Conjure Flame
  2970 | D:2      | Reached XP level 4. HP: 27/27 MP: 9/9
  3740 | D:3      | Found a deep blue altar of Sif Muna.
  3838 | D:3      | Noticed adibis's ghost (amateur MfIE)
  3874 | D:3      | HP: 1/27 [adibis's ghost/Freeze (4)]
  3875 | D:3      | Slain by adibis's ghost

Skill      XL: |  1  2  3 |
---------------+----------+-----
Stealth        | 3 |  3.7
Dodging        | 3 |  3.4
Fighting       | |  0.2
Maces & Flails | |  0.8
Spellcasting   | |  3.5
Conjurations   | |  1.6
Summonings     | |  1.0
Translocations | |  1.0

Action                   |  1- 3 |  4- 6 || total
-------------------------+-------+-------++-------
Melee: Mace              |    83 |    38 ||   121
       Constrict         |    26 |     8 ||    34
       Tentacles         |    13 |     4 ||    17
 Cast: Magic Dart        |    33 |    26 ||    59
       Blink             |     2 |     1 ||     3
  Use: Potion            |     1 |     3 ||     4
       Scroll            |       |     2 ||     2
 Stab: Sleeping          |     5 |     1 ||     6
  Eat: Bread ration      |     1 |       ||     1
       Beef jerky        |     1 |       ||     1
       Meat ration       |       |     1 ||     1
       Fruit             |       |     1 ||     1
Armor: Skin              |    18 |     4 ||    22
Dodge: Dodged            |    74 |    43 ||   117
